 Dungeon Crawl Stone Soup version 0.31.0-11-ge490571c62 (webtiles) character file.

Game seed: 11810025681029336352

177094 monsoonserge the Markshuman (level 18, 0/143 (151) HPs)
             Began as a Human Hexslinger on Feb 4, 2024.
             Was the Champion of Ru.
             Slain by a spark wasp (8 damage)
             ... on level 2 of the Spider Nest.
             The game lasted 03:06:17 (36506 turns).

monsoonserge the Markshuman (Human Hexslinger)     Turns: 36506, Time: 03:06:18

HP:   0/143 (151)   AC:  5    Str:  9    XL:     18   Next: 15%
MP:   27/27         EV: 23    Int: 17    God:    Ru [******]
Gold: 1358          SH:  0    Dex: 28    Spells: 11/29 levels left

rFire   + . .        L - +3 longbow (flame)
rCold   + + .        (shield currently unavailable)
rNeg    + . .        S - +2 robe {rC+ rF+}
rPois   +            r - +1 helmet
rElec   .            B - scarf {repulsion}
rCorr   +            G - +2 pair of gloves
SInv    .            P - +0 pair of boots
Will    +....        l - amulet of regeneration Stlth
                     W - ring of Romusch {*Corrode rPois rC+ Int-2 Dex+7}
HPRegen 1.23/turn    E - ring of the King {^Contam rN+ rCorr Int+3 Slay+4}
MPRegen 0.20/turn

%: inaccuracy (-5), corrode self (3%), repel missiles
@: exhausted, portalling projectiles, hasted, drained, unable to read, very
quick
A: no stealth, inability to use devices, hated by all, reduced AC 1, missing an
eye, explore regen, no forms, inability to read after injury 1
a: Renounce Religion, Draw Out Power, Power Leap, Apocalypse


You were on level 2 of the Spider Nest.
You worshipped Ru.
Ru was exalted by your worship.
You visited 8 branches of the dungeon, and saw 30 of its levels.
You also visited: Sewer, Ice Cave and Desolation.

You collected 2782 gold pieces.
You spent 1424 gold pieces at shops.

Inventory:

Hand Weapons
 p - a +1 sling of draining
 L - a +3 longbow of flaming (weapon)
 X - the +7 shortbow "Giantslayer" {drain, rF++}
   (You found it in the Desolation of Salt)

   rF++:      It greatly protects you from fire.
 Y - the +5 mace of the Many Ears {freeze, rC+ Str+4 Dex+2}
   (You found it in the Desolation of Salt)

   Str+4:     It affects your strength (+4).
   Dex+2:     It affects your dexterity (+2).
   rC+:       It protects you from cold.
Missiles
 f - 10 javelins
 o - 4 curare-tipped darts
Armour
 a - +2 pearl dragon scales
 r - a +1 helmet (worn)
 y - a +1 buckler of cold resistance
 A - a +0 kite shield
 B - a scarf of repulsion (worn)
 G - a +2 pair of gloves (worn)
 M - a +2 robe of positive energy
 P - a +0 pair of boots (worn)
 Q - +0 ice dragon scales
 S - a +2 robe of resistance (worn)
 U - a +3 scale mail of poison resistance
 V - the +5 ring mail "Citha" {Rampage rF+ Will+ Str-3}
   (You found it in the Desolation of Salt)

   Str-3:     It affects your strength (-3).
   rF+:       It protects you from fire.
   Will+:     It increases your willpower.
   Rampage:   It bestows one free step when moving towards enemies.
Magical Staves
 x - a staff of air
Jewellery
 j - a ring of protection from cold
 l - an amulet of regeneration (around neck)
 v - a ring of flight
 D - a ring of fire
 E - the ring of the King (right hand) {^Contam rN+ rCorr Int+3 Slay+4}
   (You bought it in a shop on level 10 of the Dungeon)

   [ring of slaying]

   Int+3:     It affects your intelligence (+3).
   Slay+4:    It affects your accuracy & damage with ranged weapons and melee
   (+4).
   rN+:       It protects you from negative energy.
   ^Contam:   It causes magical contamination when unequipped.
   rCorr:     It protects you from acid and corrosion.
 F - a +5 ring of evasion
 K - a ring of magical power
 T - the ring "Hufil" {rC+ Str+3 SInv}
   (You found it in the Desolation of Salt)

   [ring of protection from cold]

   Str+3:     It affects your strength (+3).
   rC+:       It protects you from cold.
   SInv:      It lets you see invisible.
 W - the ring of Romusch (left hand) {*Corrode rPois rC+ Int-2 Dex+7}
   (You found it in the Desolation of Salt)

   [ring of protection from cold]

   Int-2:     It affects your intelligence (-2).
   Dex+7:     It affects your dexterity (+7).
   rC+:       It protects you from cold.
   rPois:     It protects you from poison *Corrode: It may corrode you when you
   take damage.
Scrolls
 b - 4 scrolls of poison
 d - 2 scrolls of blinking
 e - 2 scrolls of revelation
 g - 4 scrolls of fog
 h - 2 scrolls of identify
 k - 5 scrolls of enchant weapon
 n - a scroll of teleportation
 q - a scroll of torment
 t - 3 scrolls of fear
 H - 3 scrolls of immolation
 I - 4 scrolls of enchant armour
 J - a scroll of amnesia
 N - a scroll of vulnerability
Potions
 c - 6 potions of enlightenment
 i - 2 potions of resistance
 m - 6 potions of might
 s - 2 potions of mutation
 u - 5 potions of attraction
 w - 5 potions of brilliance
 z - a potion of invisibility
 C - 2 potions of haste
 R - 2 potions of berserk rage
 Z - 2 potions of curing


   Skills:
 + Level 16.2 Fighting
 - Level 20.0 Ranged Weapons
 + Level 1.3 Armour
 + Level 10.8 Dodging
 - Level 6.0 Spellcasting
 + Level 14.6 Hexes
 - Level 5.0 Translocations
 - Level 2.0 Fire Magic
 - Level 5.0 Ice Magic


You had 11 spell levels left.
You knew the following spells:

 Your Spells              Type           Power      Damage    Failure   Level
a - Jinxbite              Hex            100%       N/A       1%          2
b - Inner Flame           Hex/Fire       33%        N/A       1%          3
c - Cause Fear            Hex            26%        N/A       1%          4
d - Dimensional Bullseye  Hex/Tloc       19%        N/A       2%          4
e - Metabolic Englaciati  Hex/Ice        19%        N/A       6%          5

Your spell library contained the following spells:

 Spells                   Type           Power      Damage    Failure   Level
 Apportation              Tloc           44%        N/A       1%          1
 Ensorcelled Hibernation  Hex/Ice        76%        N/A       1%          2
 Sigil of Binding         Hex            53%        N/A       1%          3
 Frozen Ramparts          Ice            44%        1d7       4%          3
 Foxfire                  Conj/Fire      32%        2x1d5     9%          1
 Scorch                   Fire           22%        2d5       9%          2
 Necrotise                Necr           20%        1d5       13%         1
 Sting                    Conj/Alch      20%        1d4       13%         1
 Hailstorm                Conj/Ice       13%        3d6       14%         3
 Iskenderun's Mystic Bla  Conj/Tloc      13%        2d5       41%         4
 Flame Wave               Conj/Fire      8%         2d5       63%         4
 Plasma Beam              Fire/Air       4%         2x1d14    100%        6
 Starburst                Conj/Fire      4%         6d3       100%        6
 Ozocubu's Refrigeration  Ice            11%        4d9       100%        7
 Polar Vortex             Ice            11%        12d1*     100%        9
 Tukima's Dance           Hex            Unusable   N/A       N/A         3
 Summon Small Mammal      Summ           Unusable   N/A       N/A         1
 Sculpt Simulacrum        Ice/Alch       Unusable   N/A       N/A         6
 Summon Cactus Giant      Summ           Unusable   N/A       N/A         6
 Malign Gateway           Summ/Tloc      Unusable   N/A       N/A         7
 Summon Horrible Things   Summ           Unusable   N/A       N/A         8

Dungeon Overview and Level Annotations

Branches:
Dungeon (15/15)            Temple (1/1) D:7            Lair (5/5) D:10
 Shoals (3/4) Lair:2       Spider (2/4) Lair:2        Slime (1/5) Lair:5
    Orc (2/2) D:10            Elf (1/3) Orc:2        Vaults (0/5) D:14
 Depths (0/4) D:15          Sewer (visited)           IceCv (visited)
Desolation (visited)

Altars:
Ashenzari
Cheibriados
Dithmenos
Elyvilon
Gozag
Kikubaaqudgha
Makhleb
Nemelex Xobeh
Okawaru
Qazlal
Ru
Sif Muna
Trog
Uskayaw
Vehumet
Wu Jian
Xom
Zin
The Shining One

Shops:
D:8 (   D:10 =   Orc:2 [*=*   Shoals:3 [

Portals:
Hell: Lair:5
Pandemonium: Orc:2

Annotations:
D:14 Roxanne
Shoals:3 Nikola
Spider:2 Donald


Innate Abilities, Weirdness & Mutations

You cannot be stealthy.
You cannot study or use magical devices.
You are hated by all.
You take slightly more damage. (AC -5)
You are missing an eye, making it more difficult to aim.
You regain HP and MP as you explore.
You cannot voluntarily change form.
You occasionally lose the ability to read scrolls when taking damage.


Message History

The entropy weaver is heavily wounded.
Your projectile teleports!
The arrow barely misses the spark wasp.
The spark wasp closely misses you. The entropy weaver misses you.
The entropy weaver hits you.
You feel threatened and lose the ability to read scrolls!
The entropy weaver barely misses you. The entropy weaver misses you.
Fire: L) +3 longbow (flame)
Press: ? - help, Q - select action, (/) - cycle Shift-Dir - straight line, f/p - entropy weaver
Aim: an entropy weaver (heavily wounded, 65% to hit)
You shoot an arrow.
The arrow closely misses the entropy weaver.
Your projectile teleports!
The arrow hits the spark wasp!
The arrow burns the spark wasp.
The spark wasp is heavily wounded.
The spark wasp stings you!! The spark wasp shocks you!
* * * LOW HITPOINT WARNING * * *
You focus your inner power and blind the spark wasp in retribution!
The entropy weaver hits you!
* * * LOW HITPOINT WARNING * * *
The entropy weaver hits you!
* * * LOW HITPOINT WARNING * * *
The entropy weaver misses you. The entropy weaver closely misses you.
You feel much better. The spark wasp closely misses you.
The entropy weaver begins to cast a spell, but is stunned by your conviction!
The spark wasp stings you!!
* * * LOW HITPOINT WARNING * * *
The spark wasp shocks you!
* * * LOW HITPOINT WARNING * * *
You focus your inner power and slow the spark wasp in retribution!
Fire: L) +3 longbow (flame)
Press: ? - help, Q - select action, (/) - cycle Shift-Dir - straight line, f/p - entropy weaver
Aim: an entropy weaver (heavily wounded, 65% to hit)
Okay, then.
Okay, then.
You feel yourself speed up.
The entropy weaver hits you but does no damage.
The entropy weaver completely misses you. x2
The entropy weaver barely misses you. The spark wasp stings you!
You die...

#..... #.... #######
###.... ...##.# .^...
......# .... ...#..#
..### .###.######
#B#.## ..#....#..#
#@...# .##[.....##
#.y.## ..#.####..#
##....##
..#############......#
.#.###...##.........##
.^..............#.###
#..####...#.###...#
#.## #^.#### ##### ###
##^#


You could see an entropy weaver and a spark wasp (blind, unable to see you,
slow, bullseye target).

Vanquished Creatures
  Kirke (D:15)
  The ghost of jasper the Warrior, an adept AtBe of Trog (Spider:1)
  An azure jelly (IceCv)
  Ilsuiw (Shoals:2)
  A frost giant (D:15)
  An emperor scorpion (Spider:1)
  A ghost moth (Spider:1)
  An imperial myrmidon (Desolation)
  An orc warlord (Orc:2)
  An ironbound preserver (D:14)
  A quicksilver ooze (Lair:5)
  A broodmother (Spider:1)
  Nessos (D:12)
  A spark wasp (Spider:2)
  A halazid warlock (Desolation)
  An ettin (Orc:2)
  2 merfolk javelineers (Shoals:2)
  2 entropy weavers
  4 crystal guardians (Desolation)
  A merfolk impaler (Shoals:1)
  7 ragged hierophants (Desolation)
  3 peacekeepers (Desolation)
  A demonspawn (Orc:2)
  6 hydras
  2 ogre magi (D:15)
  A merfolk avatar (Shoals:2)
  5 servants of whispers
  4 centaur warriors
  5 boulder beetles
  2 radroaches
  The ghost of NamelessAdventurer the Shooter, a novice DrEn of Cheibriados (Lair:1)
  6 two-headed ogres
  4 tengu warriors
  2 dancing weapons (Elf:1)
  A demonic crawler (Spider:1)
  7 orc high priests (Orc:2)
  Urug (Lair:4)
  A deep elf knight (Elf:1)
  Sonja (Orc:1)
  3 skysharks
  4 pharaoh ants (Spider:1)
  A sixfirhy (Lair:5)
  3 orb spiders
  6 sea snakes
  A deep elf archer (Elf:1)
  4 orc knights (Orc:2)
  2 steelbarb worms (Spider:1)
  An arcanist (Lair:5)
  10 harpies
  2 ironbound convokers (Desolation)
  8 deep elf pyromancers
  5 deep elf zephyrmancers (Elf:1)
  4 orc sorcerers (Orc:2)
  2 oklob plants (Lair:2)
  5 wolf spiders (Spider:1)
  15 manticores
  5 ugly things
  11 fauns
  2 moths of wrath
  7 cyclopes
  6 meliai (Spider:1)
  A smoke demon (Orc:2)
  4 black mambas
  2 torpor snails
  9 merfolk sirens
  3 water nymphs (Shoals:1)
  16 elephants
  An ice statue (IceCv)
  3 orange demons (Lair:5)
  A rust devil (Orc:2)
  4 guardian serpents (Desolation)
  12 cane toads
  A gargoyle (D:13)
  6 rime drakes
  An unseen horror (D:12)
  2 efreet (D:15)
  A kobold demonologist (D:13)
  2 tengu conjurers (D:13)
  A freezing wraith (D:14)
  3 komodo dragons
  9 merfolk
  2 ice devils (Lair:5)
  A queen bee (Spider:1)
  4 trolls
  8 tarantellas (Spider:1)
  2 wind drakes
  A red devil (Lair:5)
  A polar bear (Lair:4)
  2 hellwings
  41 saltlings
  2 hornets
  20 blink frogs
  8 snapping turtles
  5 dream sheep (Shoals:1)
  7 jumping spiders
  Sigmund (D:6)
  32 slime creatures
  2 water elementals
  5 wyverns
  3 hogs (D:15)
  A vampire (D:11)
  8 culicivoras
  3 fire elementals
  43 yaks
  2 wargs
  2 basilisks
  3 humans (D:15)
  A fire bat (D:10)
  3 steam dragons
  A neqoxec (Orc:2)
  21 redbacks
  12 vampire mosquitoes
  Edmund (D:4)
  15 water moccasins
  2 acid dragons
  4 hell hounds
  6 great orb of eyes simulacra (IceCv)
  Duvessa (D:7)
  26 orc warriors
  3 ice beasts
  2 sky beasts
  A black bear (Lair:1)
  9 ogres
  10 wolves
  14 centaurs
  8 slime creature simulacra (IceCv)
  5 kobold brigands
  A weeping skull (D:3)
  14 bullfrogs
  2 gnoll sergeants
  7 scorpions
  3 glowing shapeshifter simulacra (IceCv)
  2 two-headed ogre simulacra (Orc:2)
  5 wights
  Dowan (D:7)
  17 killer bees
  A howler monkey (D:8)
  4 lava snakes (D:14)
  3 hounds
  5 jellies
  26 orc priests
  4 bombardier beetles
  A gnoll bouda (D:5)
  Natasha (twice) (D:3)
  23 orc wizards
  6 hell rats (Lair:4)
  2 spriggan simulacra (Orc:2)
  2 troll simulacra (Orc:2)
  2 shapeshifter simulacra (IceCv)
  2 wolf simulacra (Orc:2)
  13 adders
  18 gnolls
  A river rat (Sewer)
  2 shadow imps
  3 white imps (D:8)
  3 dart slugs
  11 ribbon worms
  84 orcs
  12 endoplasms
  8 giant cockroaches
  7 goblins
  7 hobgoblins
  3 jackals (D:5)
  18 kobolds
  5 quokkas
  8 ball pythons
  4 bats
  A frilled lizard (D:1)
  13 rats
  A spectral orc (D:3)
985 creatures vanquished.

Vanquished Creatures (others)
  An ugly thing (D:13)
  A cane toad (Lair:2)
  A blink frog (Lair:4)
  A wyvern (D:11)
  A wolf (Lair:3)
  A hell rat (Lair:4)
6 creatures vanquished.

Grand Total: 991 creatures vanquished

Notes
Turn   | Place    | Note
-------+----------+-------------------------------------------
     0 | D:1      | monsoonserge the Human Hexslinger began the quest for the
                  | Orb.
     0 | D:1      | Reached XP level 1. HP: 15/15 MP: 2/2
   287 | D:1      | Reached XP level 2. HP: 21/21 MP: 3/3
   294 | D:1      | Learned a level 2 spell: Jinxbite
   641 | D:1      | Reached XP level 3. HP: 19/26 MP: 2/5
  1070 | D:2      | Reached skill level 3 in Ranged Weapons
  1100 | D:2      | Found a hide-covered altar of Uskayaw.
  1181 | D:2      | Learned a level 3 spell: Inner Flame
  1392 | D:2      | Reached XP level 4. HP: 32/32 MP: 3/6
  1467 | D:2      | Found a faded altar of an unknown god.
  2035 | D:3      | Reached skill level 4 in Ranged Weapons
  2035 | D:3      | Reached XP level 5. HP: 7/37 MP: 3/7
  2084 | D:3      | Found a glowing drain.
  2153 | Sewer    | Entered a sewer
  2505 | Sewer    | Noticed a kobold brigand
  2516 | Sewer    | Killed a kobold brigand
  2517 | Sewer    | Reached XP level 6. HP: 21/44 MP: 4/9
  2625 | Sewer    | Reached skill level 5 in Ranged Weapons
  2708 | Sewer    | Reached skill level 1 in Stealth
  3114 | D:3      | Reached XP level 7. HP: 38/50 MP: 10/10
  3128 | D:3      | Reached skill level 6 in Ranged Weapons
  3510 | D:3      | Noticed Natasha
  3515 | D:3      | Killed Natasha
  3597 | D:3      | Found a basalt altar of Yredelemnul.
  3629 | D:3      | Noticed Natasha
  3637 | D:3      | Killed Natasha
  3955 | D:4      | Reached skill level 5 in Fighting
  3955 | D:4      | Reached skill level 9 in Ranged Weapons
  3955 | D:4      | Reached skill level 5 in Dodging
  3955 | D:4      | Reached XP level 8. HP: 63/63 MP: 10/14
  3961 | D:4      | Learned a level 4 spell: Cause Fear
  3966 | D:4      | Learned a level 4 spell: Dimensional Bullseye
  4491 | D:4      | Noticed Edmund
  4512 | D:4      | Killed Edmund
  4992 | D:4      | Found a shimmering blue altar of Sif Muna.
  5045 | D:5      | Entered Level 5 of the Dungeon
  5065 | D:5      | Reached skill level 1 in Armour
  5117 | D:5      | Reached skill level 1 in Translocations
  5158 | D:5      | Reached XP level 9. HP: 60/68 MP: 12/16
  5450 | D:5      | Found a radiant altar of Vehumet.
  5667 | D:6      | Reached skill level 5 in Spellcasting
  5702 | D:6      | Found a sparkling altar of Nemelex Xobeh.
  5944 | D:6      | Reached skill level 10 in Ranged Weapons
  6002 | D:6      | Noticed Sigmund
  6257 | D:6      | Killed Sigmund
  6469 | D:6      | Found a burning altar of Makhleb.
  6544 | D:7      | Noticed Dowan
  6547 | D:7      | Noticed Duvessa
  6551 | D:7      | Killed Duvessa
  6552 | D:7      | Killed Dowan
  6671 | D:7      | Reached XP level 10. HP: 62/76 MP: 14/17
  6879 | D:7      | Reached skill level 11 in Ranged Weapons
  6964 | D:7      | Found a hazy altar of Hepliaklqana.
  7273 | D:7      | Found a staircase to the Ecumenical Temple.
  7282 | Temple   | Entered the Ecumenical Temple
  7300 | Temple   | Became a worshipper of Ru the Awakened
  7824 | D:8      | HP: 1/76 [yak (6)]
  8054 | D:8      | Found Rufidit's Antique Weapon Shoppe.
  8242 | D:8      | Reached skill level 12 in Ranged Weapons
  8340 | D:8      | Reached XP level 11. HP: 27/81 MP: 6/18
  8604 | D:9      | Gained mutation: You cannot study or use magical devices.
                  | [Ru sacrifice]
  8604 | D:9      | Reached * piety under Ru
  8604 | D:9      | Reached ** piety under Ru
  9080 | D:9      | Found an opulent altar of Gozag.
  9752 | D:10     | Entered Level 10 of the Dungeon
  9775 | D:10     | Found a staircase to the Orcish Mines.
  9869 | D:10     | Found an ornate altar of the Wu Jian Council.
 10100 | D:10     | Found a bloodstained altar of Trog.
 10110 | D:10     | Found a stormy altar of Qazlal.
 10176 | D:10     | Found a hide-covered altar of Uskayaw.
 10207 | D:10     | Found a staircase to the Lair.
 10241 | D:10     | Found a glowing silver altar of Zin.
 10241 | D:10     | Found an iron altar of Okawaru.
 10332 | D:10     | Found a shimmering altar of Xom.
 10354 | D:10     | Reached skill level 13 in Ranged Weapons
 10432 | D:10     | Found Gesit's Jewellery Shoppe.
 11030 | D:11     | Gained mutation: You are hated by all. [Ru sacrifice]
 11030 | D:11     | Reached *** piety under Ru
 11089 | D:11     | Noticed a manticore
 11095 | D:11     | Killed a manticore
 11767 | D:12     | Reached skill level 14 in Ranged Weapons
 11767 | D:12     | Reached XP level 12. HP: 89/89 MP: 10/19
 11863 | Lair:1   | Entered Level 1 of the Lair of Beasts
 12296 | Lair:1   | Found a runed translucent door.
 12416 | Lair:1   | Noticed NamelessAdventurer's ghost (novice DrEn)
 12890 | Lair:1   | Reached skill level 15 in Ranged Weapons
 12915 | Lair:1   | Gained mutation: You take slightly more damage. (AC -5) [Ru
                  | sacrifice]
 12915 | Lair:1   | Reached **** piety under Ru
 12915 | Lair:1   | Reached ***** piety under Ru
 13249 | Lair:2   | Found a hole to the Spider Nest.
 13628 | Lair:2   | Found a staircase to the Shoals.
 13977 | Lair:2   | You fall into a shaft and drop 1 floor!
 14208 | Lair:3   | Reached skill level 16 in Ranged Weapons
 14208 | Lair:3   | Reached XP level 13. HP: 88/98 MP: 20/20
 14543 | Lair:3   | Identified the +1 chain mail "Ruerr" {rPois rF+ Will+
                  | Int-4}
 16078 | Lair:4   | Noticed Urug
 16099 | Lair:4   | Killed Urug
 16347 | Lair:4   | Reached skill level 17 in Ranged Weapons
 16453 | Lair:4   | Gained mutation: You cannot voluntarily change form. [Ru
                  | sacrifice]
 17094 | Lair:5   | Entered Level 5 of the Lair of Beasts
 17395 | Lair:5   | Found a staircase to the Slime Pits.
 18074 | Lair:5   | Reached skill level 10 in Hexes
 18170 | Lair:5   | Reached XP level 14. HP: 106/106 MP: 21/21
 18236 | Lair:5   | Identified the +11 dagger of Dismay {vamp, rElec rC- Dex+4}
 18316 | Lair:5   | Reached skill level 18 in Ranged Weapons
 19286 | Lair:5   | Found a burning altar of Makhleb.
 19318 | Lair:5   | HP: 3/104 [hell hound (6)]
 19787 | Lair:5   | Found a gateway to Hell.
 20033 | D:10     | Bought the ring of the King {^Contam rN+ rCorr Int+3
                  | Slay+4} for 1241 gold pieces
 20176 | D:12     | Noticed Nessos
 20184 | D:12     | Killed Nessos
 22354 | D:14     | Gained mutation: You cannot be stealthy. [Ru sacrifice]
 22734 | D:14     | Noticed Roxanne
 22745 | D:14     | Reached skill level 19 in Ranged Weapons
 22764 | D:14     | Reached XP level 15. HP: 86/115 MP: 15/22
 22868 | D:14     | Found a gate to the Vaults.
 23102 | D:14     | Reached skill level 10 in Fighting
 23319 | D:15     | Entered Level 15 of the Dungeon
 23319 | D:15     | Found a stormy altar of Qazlal.
 23566 | D:15     | Found a staircase to the Depths.
 23566 | D:15     | Noticed a frost giant
 23953 | D:15     | Noticed Kirke
 23964 | D:15     | Killed Kirke
 24171 | D:15     | Killed a frost giant
 24259 | D:14     | Gained mutation: You occasionally lose the ability to read
                  | scrolls when taking damage. [mutagenic glow]
 24415 | D:15     | Found a faded altar of an unknown god.
 24916 | Orc:1    | Entered Level 1 of the Orcish Mines
 24939 | Orc:1    | Found a burning altar of Makhleb.
 25019 | Orc:1    | Gained mutation: You are missing an eye, making it more
                  | difficult to aim. [Ru sacrifice]
 25019 | Orc:1    | Reached ****** piety under Ru
 25040 | Orc:1    | Noticed Sonja
 25047 | Orc:1    | Killed Sonja
 25324 | Orc:2    | Entered Level 2 of the Orcish Mines
 25393 | Orc:2    | Found a staircase to the Elven Halls.
 25620 | Orc:2    | Found a frozen archway.
 25629 | IceCv    | Entered an ice cave
 25892 | IceCv    | Noticed an azure jelly
 25901 | IceCv    | Killed an azure jelly
 26109 | IceCv    | Got the Monograph on Refrigeration
 26115 | IceCv    | Got the Spellbook of Refrigeration
 26130 | IceCv    | Learned a level 5 spell: Metabolic Englaciation
 26232 | Orc:2    | Reached skill level 20 in Ranged Weapons
 26233 | Orc:2    | Noticed an orc warlord
 26245 | Orc:2    | Killed an orc warlord
 26252 | Orc:2    | Reached skill level 1 in Ice Magic
 26841 | Orc:2    | Found Yveisk's General Store.
 26843 | Orc:2    | Found Ynaule's General Store.
 27068 | Orc:2    | Reached XP level 16. HP: 97/126 MP: 15/23
 27372 | Orc:2    | Reached skill level 5 in Translocations
 27418 | Orc:2    | Found Gaturun's Antique Armour Emporium.
 27418 | Orc:2    | Found Soluytzu's Jewellery Shoppe.
 27419 | Orc:2    | Found a one-way gate leading to the halls of Pandemonium.
 27425 | Orc:2    | Bought a brightly glowing scale mail for 135 gold pieces
 27425 | Orc:2    | Identified the +1 scale mail of Magic {rElec} (You bought
                  | it in a shop on level 2 of the Orcish Mines)
 27676 | Shoals:1 | Entered Level 1 of the Shoals
 29274 | Shoals:2 | Noticed Ilsuiw
 29292 | Shoals:2 | Killed Ilsuiw
 29368 | Shoals:2 | Reached skill level 5 in Ice Magic
 30381 | Shoals:3 | Found Pigumeo's Antique Armour Boutique.
 30464 | Shoals:3 | Noticed Nikola
 30604 | Slime:1  | Entered Level 1 of the Pits of Slime
 30612 | Slime:1  | Noticed an acid blob
 30617 | Slime:1  | Noticed an azure jelly
 30963 | Lair:1   | Killed NamelessAdventurer's ghost
 31187 | Spider:1 | Entered Level 1 of the Spider Nest
 31488 | Spider:1 | Reached XP level 17. HP: 121/139 MP: 14/24
 32292 | Elf:1    | Entered Level 1 of the Elven Halls
 32331 | Elf:1    | Found an ancient bone altar of Kikubaaqudgha.
 32631 | Elf:1    | Found a crumbling gateway.
 32652 | Desolati | Entered the Desolation of Salt
 32899 | Desolati | Reached skill level 15 in Fighting
 32901 | Desolati | Reached skill level 10 in Dodging
 33085 | Desolati | Identified the +9 quarterstaff "Qussif" {heavy, rPois rC+
                  | rN+ Stlth-}
 33100 | Desolati | Identified the ring "Hufil" {rC+ Str+3 SInv}
 33625 | Desolati | Identified the +5 ring mail "Citha" {Rampage rF+ Will+
                  | Str-3}
 33628 | Desolati | Identified the ring of Romusch {*Corrode rPois rC+ Int-2
                  | Dex+7}
 33756 | Desolati | Identified the +7 shortbow "Giantslayer" {drain, rF++}
 33760 | Desolati | Identified the +5 mace of the Many Ears {freeze, rC+ Str+4
                  | Dex+2}
 34553 | Orc:2    | Bought a potion of curing for 48 gold pieces
 35249 | Spider:1 | Found a runed translucent door.
 35252 | Spider:1 | Noticed jasper's ghost (adept AtBe)
 35283 | Spider:1 | Reached XP level 18. HP: 93/151 MP: 19/27
 35665 | Spider:1 | Killed jasper's ghost
 35669 | Spider:1 | Identified the staff "Hodooj" {^Fragile rElec rPois rC-
                  | Dex+4 Air}
 36145 | Spider:2 | Noticed Donald
 36505 | Spider:2 | HP: 7/143 [spark wasp (12)]
 36506 | Spider:2 | Slain by a spark wasp

Illustrated notes

Levels and vault maps discovered:
D:1:      minmay_arrival_doors, layout_basic, st_stairs_8
D:2:      layout_loops_ring, hellmonk_ecumenical_altar_inner_sanctum,
          basic_altar
D:3:      layout_basic, yredelemnul_forgotten_temple_becter,
          gup_sewer_entry_glass, uniq_natasha
D:4:      layout_basic, nicolae_sif_muna_little_library, skrybe_limestone_x,
          minmay_misc_feat_enclosed, nicolae_wormholes, uniq_edmund
D:5:      layout_rooms, mainiacjoe_overflow_cross_hatched
D:6:      layout_basic, nemelex_spade_bored_becter,
          mainiacjoe_overflow_brackets, uniq_sigmund
D:7:      layout_basic, kennysheep_little_box, minmay_temple_entry_poolview,
          uniq_duvessa
D:8:      minmay_angry_zag, layout_rooms, serial_shops, shop
D:9:      layout_stronghold, grunt_gozag_breadcrumbs
D:10:     layout_loops_ring, mainiacjoe_overflow_small_starburst,
          gammafunk_temple_overflow_elements, lemuel_doored_altar,
          regret_index_xom_of_box, mainiacjoe_overflow_big_doors,
          lair_entry_dummy, hangedman_abyss_or_decor_passed,
          kennysheep_small_circle
D:11:     layout_irregular_city, kennysheep_decorative_pillar
D:12:     layout_small_grid, uniq_nessos
D:13:     layout_basic, chequers_hall_statues_corner_a
D:14:     erik_rubicon_a, layout_cave_pools, hellmonk_vaults_order_and_chaos,
          minmay_staircase_windowed_small, uniq_roxanne
D:15:     grunt_enter_depths_snipers, layout_irregular_city, solitary_fountain,
          serial_column_ruins, column_ruins_temple_hall, column_ruins_grid_3,
          column_ruins_grid_2, column_ruins_open_small, column_ruins_grid_1,
          grunt_qazlal_sundering, uniq_kirke
Temple:   nicolae_temple_superstar
Lair:1:   layout_regular_city, ebering_ghost_reflecting_pool, minmay_holes
Lair:2:   dpeg_oklob_gauntlet, layout_cave_pods, minmay_shoals_entry_beasts,
          spider_nest_entry_rubble, serial_bayou_pond_e, grunt_megastairs_5
Lair:3:   layout_loops_ring, lemuel_fruit_fields
Lair:4:   layout_cave_pods, minivault_24, lemuel_fruit_fields, uniq_urug
Lair:5:   evil_forest, layout_long_grid, minmay_slime_entry_pillars,
          grunt_forest_small_clearings, lemuel_fruit_tree
Shoals:1: layout_shoals
Shoals:2: layout_shoals, uniq_ilsuiw
Shoals:3: layout_shoals, serial_shops, nicolae_stop_n_shop_2,
          nicolae_diamond_shop, uniq_nikola
Spider:1: layout_chambers, gammafunk_ghost_grave, nicolae_looking_at_the_future
Spider:2: nicolae_spider_hilbert_zone_1 [nicolae_spider_hilbert_4_sides_1_open,
          nicolae_spider_hilbert_4_sides_1_open,
          nicolae_spider_hilbert_4_sides_1_open,
          nicolae_spider_hilbert_4_sides_1_open,
          nicolae_spider_hilbert_3_sides_1_open,
          nicolae_spider_hilbert_3_sides_1_open,
          nicolae_spider_hilbert_3_sides_1_open,
          nicolae_spider_hilbert_3_sides_1_open,
          nicolae_spider_hilbert_3_sides_1_open,
          nicolae_spider_hilbert_6_sides_1_open,
          nicolae_spider_hilbert_6_sides_1_open,
          nicolae_spider_hilbert_3_sides_1_open,
          nicolae_spider_hilbert_3_sides_1_open,
          nicolae_spider_hilbert_3_sides_1_open,
          nicolae_spider_hilbert_3_sides_1_open,
          nicolae_spider_hilbert_2_sides_1_open], nicolae_spider_checkerboard,
          uniq_donald
Slime:1:  layout_caves
Orc:1:    layout_diamond_mine, basic_altar, mines1_david, uniq_sonja
Orc:2:    pf_orc_diabolical, layout_diamond_mine,
          portal_ice_cave_entry_ice_simulacra
Elf:1:    minmay_elf_arrival_circle, layout_gridlike,
          portal_desolation_entry_nicolae_nacl, basic_altar, special_room
          [special_room_orc], hangedman_elf_disciples, lemuel_upstairs_altar,
          uniq_jorgrun

Skill      XL: |  1  2  3  4  5  6  7  8  9 10 11 12 13 14 15 16 17 |
---------------+----------------------------------------------------+-----
Ranged Weapons | 3 4 5 9 10 12 14 16 17 19 20 | 20.0
Spellcasting   | 2 4 5 6 |  6.0
Stealth        | 1 2 0 |  0.0
Fire Magic     | 2 |  2.0
Fighting       | 2 5 6 7 8 9 11 14 16 | 16.2
Dodging        | 5 6 7 8 9 10 | 10.8
Hexes          | 7 8 9 10 11 12 14 | 14.6
Armour         | 1 |  1.3
Translocations | 1 2 4 5 |  5.0
Ice Magic      | 2 5 |  5.0

Action                     |  1- 3 |  4- 6 |  7- 9 | 10-12 | 13-15 | 16-18 || total
---------------------------+-------+-------+-------+-------+-------+-------++-------
  Melee: Longbow           |       |       |       |     1 |     2 |     7 ||    10
   Fire: Sling             |   112 |   159 |   199 |       |       |       ||   470
         Longbow           |       |       |   121 |   761 |  1242 |  1080 ||  3204
   Cast: Jinxbite          |     8 |    16 |    38 |    76 |    96 |    18 ||   252
         Inner Flame       |       |       |     6 |     5 |    14 |     2 ||    27
         Cause Fear        |       |       |     1 |     4 |    18 |     5 ||    28
         Dimensional Bulls |       |       |       |       |    25 |    46 ||    71
         Metabolic Englaci |       |       |       |       |       |    25 ||    25
 Invoke: Sacrifice Artific |       |       |       |     1 |       |       ||     1
         Sacrifice Love    |       |       |       |     1 |       |       ||     1
         Sacrifice Health  |       |       |       |     1 |       |       ||     1
         Draw Out Power    |       |       |       |       |     4 |     4 ||     8
         Sacrifice Forms   |       |       |       |       |     1 |       ||     1
         Apocalypse        |       |       |       |       |     1 |     3 ||     4
         Sacrifice Stealth |       |       |       |       |     1 |       ||     1
         Sacrifice an Eye  |       |       |       |       |     1 |       ||     1
    Use: Potion            |       |     1 |     1 |     2 |     6 |     3 ||    13
         Scroll            |       |     7 |     5 |     6 |    10 |     3 ||    31
 Armour: Robe              |    23 |    43 |    36 |   187 |       |   238 ||   527
         Skin              |       |     1 |       |       |       |       ||     1
         Leather armour    |       |       |    33 |       |       |       ||    33
         Steam dragon scal |       |       |       |    49 |   305 |    12 ||   366
  Dodge: Dodged            |    30 |    44 |   104 |   459 |   554 |   416 ||  1607
         Repelled          |       |       |       |       |       |     3 ||     3
